 Dungeon Crawl Stone Soup version 0.17-a0-1475-g9f81d98 (webtiles) character file.

2763 Fizybubbleh the Destroyer (level 9, -8/62 HPs)
             Began as a Mottled Draconian Conjurer on July 2, 2015.
             Was a Follower of Vehumet.
             Mangled by a shadow (28 damage)
             ... on level 8 of the Dungeon.
             The game lasted 01:07:25 (12077 turns).

Fizybubbleh the Destroyer (DrCj)                   Turns: 12077, Time: 01:07:25

Health: -8/62      AC: 10    Str: 12    XL:     9   Next: 42%
Magic:  2/16       EV: 12    Int: 18    God:    Vehumet [*.....]
Gold:   258        SH:  0    Dex: 11    Spells: 5 memorised, 3 levels left

rFire  . . .     SeeInvis .     s - +0 dagger (venom)
rCold  . . .     Clarity  +     (armour unavailable)
rNeg   . . .     SustAt   +     (no shield)
rPois  .         Gourm    .     (helmet restricted)
rElec  .         Spirit   .     (no cloak)
rCorr  .         Warding  .     N - +1 pair of gloves
rMut   .         Stasis   .     F - +0 pair of boots
MR     +....                    K - amulet of clarity
Stlth  ++........               y - ring of sustain attributes
                                x - ring of protection from magic

@: short of breath, somewhat resistant to hostile enchantments, unstealthy
A: breathe sticky flame splash, unfitting armour, cold-blooded, AC +7
a: Breathe Sticky Flame, Renounce Religion


You were on level 8 of the Dungeon.
You worshipped Vehumet.
Vehumet was aware of your devotion.
You were not hungry.

You visited 2 branches of the dungeon, and saw 9 of its levels.

You collected 343 gold pieces.
You spent 85 gold pieces at shops.

Inventory:

Hand weapons
 e - a +0 club
 k - a +0 spear
 l - a +0 blowgun
 s - a +0 dagger of venom (weapon)
Missiles
 j - 166 stones (quivered)
 B - 6 poisoned needles
 I - 6 curare-tipped needles
 J - a throwing net
 O - 3 tomahawks
 V - 5 javelins of penetration
Armour
 o - a +0 pair of gloves
 F - a +0 pair of boots (worn)
 G - a +0 pair of gloves of strength
 N - a +1 pair of gloves (worn)
Jewellery
 i - an uncursed ring of protection from magic
 x - a ring of protection from magic (left hand)
 y - a ring of sustain attributes (right hand)
 z - an uncursed amulet of resist mutation
 K - an amulet of clarity (around neck)
Magical devices
 C - a wand of paralysis (8)
 L - a wand of draining (7)
 W - a wand of confusion (10)
Scrolls
 c - 2 scrolls of enchant weapon {unknown}
 d - 2 scrolls of recharging
 h - a scroll of magic mapping {unknown}
 q - a scroll of immolation
 w - 5 scrolls of remove curse
 H - a scroll of blinking
 Q - a scroll of teleportation {unknown}
 S - a scroll of fog {unknown}
 X - a scroll of amnesia {unknown}
Potions
 f - a potion of magic {unknown}
 g - a potion of haste
 m - a potion of flight {unknown}
 n - 2 potions of heal wounds
 p - 2 potions of degeneration
 r - a potion of invisibility {unknown}
 v - 2 potions of lignification
 D - a potion of poison
 R - a potion of ambrosia {unknown}
 T - a potion of curing
Books
 a - a book of Conjurations

   Spells                             Type                      Level
   a - Magic Dart                     Conjuration                  1
   b - Searing Ray                    Conjuration                  2
   c - Dazzling Spray                 Conjuration/Hexes            3
   d - Fulminant Prism                Conjuration/Hexes            4
   e - Iskenderun's Mystic Blast      Conjuration                  4
   f - Iskenderun's Battlesphere      Conjuration/Charms           5
 P - a book of Fire

   Spells                             Type                      Level
   a - Ignite Poison                  Fire/Transmutation/Poison    3
   b - Fireball                       Conjuration/Fire             5
   c - Bolt of Fire                   Conjuration/Fire             6
   d - Delayed Fireball               Conjuration/Fire             7
   e - Ring of Flames                 Charms/Fire                  7
 U - a book of Necromancy

   Spells                             Type                      Level
   a - Pain                           Necromancy                   1
   b - Animate Skeleton               Necromancy                   1
   c - Vampiric Draining              Necromancy                   3
   d - Regeneration                   Charms/Necromancy            3
   e - Animate Dead                   Necromancy                   4
   f - Control Undead                 Necromancy                   4
Comestibles
 b - 6 bread rations
 t - 4 beef jerkies
 u - 2 royal jellies
 A - 8 slices of pizza
 E - 5 fruits
 M - 2 meat rations


   Skills:
 - Level 1.7 Dodging
 - Level 1.7 Stealth
 - Level 5.1 Spellcasting
 - Level 10.9 Conjurations
 + Level 6.6 Fire Magic


You had 3 spell levels left.
You knew the following spells:

 Your Spells              Type           Power        Failure   Level  Hunger
a - Magic Dart            Conj           ####         1%          1    None
b - Searing Ray           Conj           #####.       1%          2    #......
c - Dazzling Spray        Conj/Hex       ###.....     4%          3    ##.....
d - Iskenderun's Mystic   Conj           #####...     1%          4    ####...
e - Fireball              Conj/Fire      #####.....   12%         5    ######.


Dungeon Overview and Level Annotations

Branches:
Dungeon (8/15)             Temple (1/1) D:6
   Lair: D:8-11

Altars:
Ashenzari
Cheibriados
Dithmenos
Elyvilon
Fedhas
Gozag
Kikubaaqudgha
Makhleb
Okawaru
Qazlal
Ru
Sif Muna
Trog
Vehumet
Xom
Yredelemnul
Zin
The Shining One

Shops:
D:5 [

Annotations:
D:3 Xoff's ghost, average MiFi
D:4 MordorOrchid's ghost, average SpEn


Innate Abilities, Weirdness & Mutations

You can spit globs of burning liquid.
You can ignite nearby creatures when you spit burning liquid.
Your weird mottled scales are hard (AC +7).
Your body does not fit into most forms of armour.
You are cold-blooded and may be slowed by cold attacks.


Message History

Aim: a shadow The magic dart hits the shadow.
The shadow hits you.
You take 1 damage, and have 49/62 hp.
You now have 0/16 mp.
You barely miss the shadow.
The shadow slips into darkness.
The shadow flickers and vanishes!
Deactivating autopickup; reactivate with Ctrl-A.
You closely miss something.
Your tail-slap misses something.
You feel sick.
The shadow strikes at you from the darkness!
Reactivating autopickup.
You take 30 damage, and have 20/62 hp.
MASSIVE DAMAGE!!
The shadow slips into darkness.
The shadow flickers and vanishes!
Deactivating autopickup; reactivate with Ctrl-A.
You feel sick.
You are no longer poisoned.
You see here a war axe.
The shadow strikes at you from the darkness!
You die...

#....# #....#
########....#
##..)........#
##...####....[##
##(.### ##.)...#
.†<.# #.....## #((.#
#......##
##(.#######.....@.#
##........#######.##
#.......... #..#
#.)######.. #..#
#.## #..# ..# ##.#
..## #.## ...#####
##.## .........
##.###


There were no monsters in sight!

Vanquished Creatures
  A wyvern (D:8)
  A hungry ghost (D:6)
  A yak (D:7)
  A human (D:7)
  An ice beast (D:7)
  An ogre (D:8)
  2 sky beasts (D:5)
  A centaur (D:8)
  2 giant frogs
  A jelly (D:7)
  A scorpion (D:5)
  A water moccasin skeleton (D:6)
  4 wights (D:5)
  3 crimson imps
  A centaur zombie (D:7)
  2 hounds (D:4)
  5 orc priests
  2 centaur skeletons
  A gnoll shaman (D:5)
  A giant frog skeleton (D:4)
  4 orc wizards
  4 iguanas
  A killer bee zombie (D:5)
  7 worker ants
  3 sheep (D:7)
  A hound zombie (D:5)
  8 gnolls
  2 shadow imps
  7 adders
  3 oozes
  2 adder skeletons (D:5)
  6 worms
  5 giant geckos
  31 orcs
  A bat skeleton (D:4)
  A bat zombie (D:5)
  6 giant cockroaches
  11 hobgoblins
  9 jackals
  13 kobolds
  4 quokkas
  A ball python (D:3)
  14 bats
  A giant gecko skeleton (D:4)
  5 giant newts
  19 goblins
  A quokka skeleton (D:5)
  A quokka zombie (D:5)
  11 rats
215 creatures vanquished.

Notes
Turn   | Place    | Note
--------------------------------------------------------------
     0 | D:1      | Fizybubbleh the Draconian Conjurer began the quest for the Orb.
     0 | D:1      | Reached XP level 1. HP: 14/14 MP: 3/3
   221 | D:1      | Reached XP level 2. HP: 20/20 MP: 0/5
   277 | D:1      | Learned a level 2 spell: Searing Ray
   766 | D:1      | Reached skill level 5 in Conjurations
   767 | D:1      | Reached XP level 3. HP: 26/26 MP: 1/6
  1412 | D:2      | Learned a level 3 spell: Dazzling Spray
  2083 | D:2      | Reached XP level 4. HP: 30/33 MP: 7/7
  2438 | D:3      | Noticed Xoff's ghost (average MiFi)
  3379 | D:3      | Reached skill level 6 in Conjurations
  3987 | D:3      | Reached XP level 5. HP: 34/38 MP: 0/8
  4453 | D:4      | Reached skill level 7 in Conjurations
  4523 | D:4      | Reached XP level 6. HP: 33/45 MP: 0/9
  4681 | D:4      | Noticed MordorOrchid's ghost (average SpEn)
  5528 | D:4      | You fall through a shaft for 2 floors!
  5528 | D:6      | Found a shimmering altar of Xom.
  5528 | D:6      | Found a shimmering altar of Xom.
  5528 | D:6      | Found a shimmering altar of Xom.
  5542 | D:5      | Entered Level 5 of the Dungeon
  6210 | D:5      | Reached skill level 8 in Conjurations
  6210 | D:5      | Your scales start taking on a weird mottled colour.
  6210 | D:5      | Reached XP level 7. HP: 24/50 MP: 4/11
  6472 | D:5      | Found a white marble altar of Elyvilon.
  6478 | D:5      | Found an iron altar of Okawaru.
  6561 | D:5      | Learned a level 4 spell: Iskenderun's Mystic Blast
  6645 | D:5      | Found Tayfraet's Antique Armour Boutique.
  6648 | D:5      | Bought a pair of glowing gloves for 85 gold pieces
  6883 | D:5      | Reached skill level 9 in Conjurations
  8027 | D:5      | Reached XP level 8. HP: 53/57 MP: 1/12
  8165 | D:5      | Reached skill level 10 in Conjurations
  9179 | D:6      | Found a staircase to the Ecumenical Temple.
  9198 | Temple   | Entered the Ecumenical Temple
  9282 | Temple   | Became a worshipper of Vehumet
  9595 | D:6      | Found a shimmering altar of Xom.
 10610 | D:7      | Reached skill level 5 in Spellcasting
 10623 | D:7      | Learned a level 5 spell: Fireball
 10682 | D:7      | Reached skill level 1 in Fire Magic
 10804 | D:7      | Found a glowing golden altar of the Shining One.
 11235 | D:7      | Acquired Vehumet's first power
 11235 | D:7      | Offered knowledge of Flame Tongue by Vehumet.
 11235 | D:7      | Reached XP level 9. HP: 62/62 MP: 3/16
 11495 | D:7      | Reached skill level 5 in Fire Magic
 12077 | D:8      | Mangled by a shadow

Vault maps used:
D:1:      onia_arrival_pyramid
D:2:      lemuel_flame_loot_1
D:4:      first_bread, minmay_item_behind_shaft
D:5:      old_standard_altar, lemuel_crystal_altar, serial_bayou,
          serial_bayou_pond_b, serial_bayou_lagoon_b, serial_shops,
          nicolae_shop_behind_doors
D:6:      lemuel_upstairs_altar, minmay_temple_entry_large_hall, xom_redecorated
D:7:      nicolae_tso_swordbearing_angel, grunt_livestock
D:8:      bloody_trog
Temple:   nicolae_temple_elliptical

Action                   |  1- 3 |  4- 6 |  7- 9 || total
-------------------------+-------+-------+-------++-------
Melee: Unarmed           |     2 |       |       ||     2
       Club              |     2 |       |       ||     2
       Spear             |    11 |       |       ||    11
       Dagger            |    10 |    49 |   119 ||   178
 Fire: Blowgun           |       |       |     6 ||     6
 Cast: Magic Dart        |    96 |   172 |   273 ||   541
       Searing Ray       |       |     4 |     3 ||     7
       Dazzling Spray    |       |     3 |    11 ||    14
       Iskenderun's Myst |       |       |     6 ||     6
       Fireball          |       |       |     1 ||     1
 Abil: Breathe Sticky Fl |       |       |    18 ||    18
Evoke: Wand              |       |       |     4 ||     4
  Use: Scroll            |       |     2 |     5 ||     7
       Potion            |       |     1 |     5 ||     6
 Stab: Sleeping          |     1 |     1 |     1 ||     3
       Invisible         |       |       |     2 ||     2
  Eat: Chunk             |     5 |     5 |    10 ||    20
       Meat ration       |       |     2 |       ||     2
       Bread ration      |       |     1 |     3 ||     4
